 Dungeon Crawl Stone Soup version 0.20-a0-839-gdaf5c57 (webtiles) character file.

12196 uglyjohn the Grappler (level 11, -10/111 HPs)
             Began as a Troll Hunter on Mar 6, 2017.
             Was an Elder of Wu Jian.
             Killed from afar by a gargoyle (15 damage)
             ... with a stone arrow
             ... on level 11 of the Dungeon on Mar 8, 2017.
             The game lasted 00:27:52 (9576 turns).

uglyjohn the Grappler (Troll Hunter)                Turns: 9576, Time: 00:27:52

Health: -10/111    AC:  9    Str: 24    XL:     11   Next: 59%
Magic:  10/10      EV: 14    Int:  7    God:    Wu Jian [****..]
Gold:   529        SH:  5    Dex: 13    Spells: 10/10 levels left

rFire    + + .     SeeInvis .     - Unarmed
rCold    . . .     Gourm    +   O - +1 robe "Catitryr" {*Drain rF++ Str+2}
rNeg     + . .     Faith    .   (no shield)
rPois    .         Spirit   .   (helmet restricted)
rElec    .         Reflect  +   s - +2 cloak
rCorr    .         Harm     .   (gloves unavailable)
MR       +....                  (boots unavailable)
Stlth    +.........             l - +5 amulet of reflection
Regen    0.7/turn               I - ring of protection from magic
MPRegen  0.2/turn               W - ring of positive energy

@: no status effects
A: unfitting armour, claws 3, fast metabolism 3, gourmand, regeneration 1,
shaggy fur 1, tough skin 2
a: Serpent's Lash, Renounce Religion


You were on level 11 of the Dungeon.
You worshipped Wu Jian.
Wu Jian was greatly pleased with you.
You were very full.

You visited 2 branches of the dungeon, and saw 12 of its levels.

You collected 574 gold pieces.
You spent 45 gold pieces at shops.

Inventory:

Hand Weapons
 a - a +1 short sword
Missiles
 c - 5 large rocks (quivered)
 d - 3 throwing nets
Armour
 s - a +2 cloak (worn)
 C - a +2 robe
 O - the +1 robe "Catitryr" (worn) {*Drain rF++ Str+2}
   (You acquired it on level 10 of the Dungeon)

   It affects your strength (+2).
   It greatly protects you from fire.
   It causes draining when unequipped.
Jewellery
 l - a +5 amulet of reflection (around neck)
 m - an uncursed amulet of guardian spirit
 w - an uncursed ring of ice
 D - an uncursed amulet of magic regeneration
 I - a ring of protection from magic (right claw)
 U - an uncursed ring of flight
 W - a ring of positive energy (left claw)
Wands
 h - a wand of polymorph (12/24)
 E - a wand of iceblast (6/15)
 F - a wand of digging (9/24)
 R - a wand of digging (8/24)
Scrolls
 b - a scroll of identify
 e - 5 scrolls of magic mapping
 g - 8 scrolls of remove curse
 i - a scroll of noise {unknown}
 n - a scroll of fear
 o - 2 scrolls of enchant armour
 y - a scroll of amnesia
 B - 2 scrolls of teleportation
 K - a scroll of recharging
 L - 5 scrolls of enchant weapon
 M - a scroll of holy word {unknown}
 N - a scroll of immolation
 P - a scroll of vulnerability {unknown}
 Q - a scroll of fog {unknown}
 S - 2 scrolls of acquirement
Potions
 k - a potion of lignification
 p - 2 potions of flight
 r - a potion of magic
 t - a potion of resistance
 v - 3 potions of curing
 x - a potion of might
 G - 3 potions of haste
 J - 2 potions of mutation
 Y - a potion of invisibility
 Z - a potion of agility
Books
 q - a book of the Tempests

   Spells                             Type                      Level
   a - Static Discharge               Conjuration/Air              3
   b - Lightning Bolt                 Conjuration/Air              5
   c - Ignition                       Fire                         8
   d - Tornado                        Air                          9
   e - Shatter                        Earth                        9
 A - a book of Conjurations

   Spells                             Type                      Level
   a - Magic Dart                     Conjuration                  1
   b - Searing Ray                    Conjuration                  2
   c - Dazzling Spray                 Conjuration/Hexes            3
   d - Fulminant Prism                Conjuration/Hexes            4
   e - Force Lance                    Conjuration/Translocation    4
   f - Iskenderun's Mystic Blast      Conjuration                  4
 V - a book of Conjurations

   Spells                             Type                      Level
   a - Magic Dart                     Conjuration                  1
   b - Searing Ray                    Conjuration                  2
   c - Dazzling Spray                 Conjuration/Hexes            3
   d - Fulminant Prism                Conjuration/Hexes            4
   e - Force Lance                    Conjuration/Translocation    4
   f - Iskenderun's Mystic Blast      Conjuration                  4
 X - a book of Beasts

   Spells                             Type                      Level
   a - Summon Butterflies             Summoning                    1
   b - Call Canine Familiar           Summoning                    3
   c - Summon Ice Beast               Ice/Summoning                4
   d - Summon Mana Viper              Hexes/Summoning              5
   e - Summon Hydra                   Summoning                    7
Comestibles
 f - 7 bread rations
 j - 4 meat rations
 z - a royal jelly
 H - 6 fruits


   Skills:
 + Level 8.0 Fighting
 - Level 3.6 Throwing
 + Level 8.2 Dodging
 - Level 0.3 Stealth
 * Level 12.7 Unarmed Combat


You had 10 spell levels left.
You didn't know any spells.

Dungeon Overview and Level Annotations

Branches:
Dungeon (11/15)            Temple (1/1) D:6            Lair (0/6) D:9
    Orc: D:9-12

Altars:
Ashenzari
Cheibriados
Dithmenos
Elyvilon
Fedhas
Gozag
Hepliaklqana
Kikubaaqudgha
Makhleb
Nemelex Xobeh
Okawaru
Qazlal
Ru
Sif Muna
Trog
Uskayaw
Vehumet
Wu Jian
Xom
Yredelemnul
Zin
The Shining One

Shops:
D:6 !%}   D:10 %


Innate Abilities, Weirdness & Mutations

You are too large for most types of armour.
You have claws for hands.
Your metabolism is lightning-fast.
You like to eat raw meat.
Your natural rate of healing is unusually fast.
You are covered in fur. (AC +1)
You have very tough skin. (AC +2)


Message History

Something hits you!
* * * LOW HITPOINT WARNING * * *
You see here a dagger.
Unknown command.
Something hits you.
* * * LOW HITPOINT WARNING * * *
Something hits you!
* * * LOW HITPOINT WARNING * * *
Something hits you but does no damage. Something hits you!
* * * LOW HITPOINT WARNING * * *
Things that are here:
a club; a chain mail; an orc corpse You feel better.
Something hits you.
* * * LOW HITPOINT WARNING * * *
A gargoyle comes into view. It is wielding a flail of venom.
As you read the scroll of fear, it crumbles to dust.
You assume a fearsome visage.
The gargoyle is unaffected.
The gargoyle hurls a stone arrow at you.
The stone arrow hits you!
You die...

#............# ####'##########
............... #.#
......†........ #.#
............... #.#
############### #.#
###############################.#
..............................#.#
..............).@.............#.#
..............)...............#.#
'###########9##################..
.................................
....................######..##..#
.......................+ #.......
##+############'###########......
..................#......
..................#....##


You could see a gargoyle.

Vanquished Creatures
  3 two-headed ogres
  Urug (D:10)
  2 unseen horrors (D:11)
  Pikel (D:4)
  The ghost of rriegs the Thaumaturge, a novice DEEE of Vehumet (D:8)
  Joseph (D:8)
  A gargoyle (D:11)
  A merfolk (D:9)
  Grinder (D:3)
  9 yaks
  2 orc warriors
  An ice beast (D:5)
  An eye of draining (D:7)
  8 ogres
  4 sky beasts
  2 phantoms
  5 centaurs
  A big kobold (D:8)
  Blork the orc (D:5)
  2 wyvern zombies
  7 bullfrogs
  A gnoll sergeant (D:9)
  A water moccasin zombie (D:10)
  4 scorpions
  A wyvern skeleton (D:11)
  8 killer bees
  3 electric eels (D:9)
  6 wights
  4 howler monkeys
  8 crimson imps
  2 centaur zombies
  5 orc priests
  6 hounds
  A quasit (D:11)
  6 orc wizards
  2 centaur skeletons (D:5)
  3 iguanas
  Terence (D:3)
  10 worker ants
  Ijyb (D:2)
  A hound skeleton (D:5)
  A worker ant zombie (D:6)
  Robin (D:3)
  10 adders
  7 gnolls
  3 oozes
  3 adder skeletons
  7 worms
  5 dart slugs
  5 leopard geckos
  20 orcs
  A ball python (D:6)
  9 bats
  3 giant cockroaches
  14 goblins
  13 hobgoblins
  15 jackals
  12 kobolds
  5 quokkas
  5 frilled lizards
  2 leopard gecko skeletons (D:4)
  A quokka zombie (D:5)
  12 rats
283 creatures vanquished.

Vanquished Creatures (others)
  A killer bee (D:7)
  A jackal (D:9)
  A kobold (D:3)
3 creatures vanquished.

Grand Total: 286 creatures vanquished

Notes
Turn   | Place    | Note
-------+----------+-------------------------------------------
     0 | D:1      | uglyjohn the Troll Hunter began the quest for the Orb.
     0 | D:1      | Reached XP level 1. HP: 19/19 MP: 0/0
    65 | D:1      | Reached skill level 1 in Unarmed Combat
    69 | D:1      | Reached XP level 2. HP: 24/28 MP: 1/1
   512 | D:1      | Reached XP level 3. HP: 35/35 MP: 2/2
   538 | D:1      | Reached skill level 2 in Unarmed Combat
  1037 | D:2      | Found a burning altar of Makhleb.
  1041 | D:2      | Found a deep blue altar of Sif Muna.
  1041 | D:2      | Found an iron altar of Okawaru.
  1041 | D:2      | Found a basalt altar of Yredelemnul.
  1072 | D:2      | Reached XP level 4. HP: 35/42 MP: 3/3
  1277 | D:2      | Noticed Ijyb
  1316 | D:2      | Killed Ijyb
  1316 | D:2      | Reached skill level 3 in Unarmed Combat
  1728 | D:2      | Found a hazy altar of Hepliaklqana.
  1742 | D:2      | Found a sparkling altar of Nemelex Xobeh.
  1745 | D:2      | Found a white marble altar of Elyvilon.
  1753 | D:2      | Found a glowing golden altar of the Shining One.
  1762 | D:2      | Reached XP level 5. HP: 34/50 MP: 4/4
  1975 | D:3      | Noticed Robin
  2009 | D:3      | Killed Robin
  2163 | D:3      | Noticed Terence
  2175 | D:3      | Killed Terence
  2261 | D:3      | Noticed Grinder
  2278 | D:3      | Killed Grinder
  2278 | D:3      | Reached skill level 4 in Unarmed Combat
  2278 | D:3      | Reached XP level 6. HP: 13/61 MP: 5/5
  2614 | D:3      | Found a shimmering altar of Xom.
  2755 | D:4      | Reached XP level 7. HP: 60/68 MP: 6/6
  2823 | D:4      | Found a shadowy altar of Dithmenos.
  2986 | D:4      | Noticed Pikel
  3000 | D:4      | Killed Pikel
  3000 | D:4      | Reached skill level 6 in Unarmed Combat
  3098 | D:4      | Reached XP level 8. HP: 78/78 MP: 7/7
  3518 | D:5      | Entered Level 5 of the Dungeon
  3568 | D:5      | Noticed Blork the orc
  3576 | D:5      | Killed Blork the orc
  3743 | D:5      | Reached skill level 7 in Unarmed Combat
  4672 | D:6      | Reached skill level 5 in Fighting
  4672 | D:6      | Reached skill level 5 in Dodging
  4682 | D:6      | Found Fynec's Gadget Boutique.
  4775 | D:6      | Found Muloqi's Distillery.
  4781 | D:6      | Bought a potion of curing for 45 gold pieces
  4858 | D:6      | Reached skill level 8 in Unarmed Combat
  5071 | D:6      | Reached XP level 9. HP: 88/88 MP: 8/8
  5095 | D:6      | Found Ceolew's Food Emporium.
  5129 | D:6      | Found a staircase to the Ecumenical Temple.
  5139 | Temple   | Entered the Ecumenical Temple
  5159 | Temple   | Became a worshipper of the Wu Jian Council
  5772 | D:7      | Reached skill level 9 in Unarmed Combat
  5954 | D:7      | Reached * piety under Wu Jian
  6492 | D:8      | Noticed rriegs's ghost (novice DEEE)
  6503 | D:8      | Killed rriegs's ghost
  6529 | D:8      | Reached skill level 10 in Unarmed Combat
  6743 | D:8      | Reached XP level 10. HP: 100/100 MP: 9/9
  6747 | D:8      | Reached ** piety under Wu Jian
  7036 | D:8      | Noticed Joseph
  7048 | D:8      | Killed Joseph
  7650 | D:9      | Reached skill level 11 in Unarmed Combat
  7960 | D:9      | Noticed a two-headed ogre
  7966 | D:9      | Killed a two-headed ogre
  7966 | D:9      | Reached *** piety under Wu Jian
  8011 | D:9      | Found a staircase to the Lair.
  8044 | D:10     | Entered Level 10 of the Dungeon
  8082 | D:10     | Found Dadghilev's Food Shop.
  8358 | D:10     | Noticed a two-headed ogre
  8366 | D:10     | Killed a two-headed ogre
  8366 | D:10     | Reached XP level 11. HP: 57/109 MP: 10/10
  8458 | D:10     | Identified 3 scrolls of acquirement
  8459 | D:10     | Got a dull robe
  8470 | D:10     | Identified the +1 robe "Catitryr" {*Drain rF++ Str+2} (You acquired it on level 10 of the Dungeon)
  8470 | D:10     | Upgraded the game from 0.20-a0-830-g2c9a30d to 0.20-a0-833-gc632bec
  8470 | D:10     | Upgraded the game from 0.20-a0-833-gc632bec to 0.20-a0-839-gdaf5c57
  8597 | D:10     | Noticed Urug
  8605 | D:10     | Killed Urug
  8739 | D:10     | Reached skill level 12 in Unarmed Combat
  8857 | D:11     | Noticed a two-headed ogre
  8862 | D:11     | Killed a two-headed ogre
  9144 | D:11     | Reached **** piety under Wu Jian
  9265 | D:11     | Killed an unseen horror
  9560 | D:11     | Killed an unseen horror
  9574 | D:11     | HP: 3/111 [something (10)]
  9576 | D:11     | Killed from afar by a gargoyle

Vault maps used:
D:1:      eino_arrival_cavern_b, minmay_crystal_room, st_stairs_5
D:2:      grunt_temple_overflow_cloverleaf, grunt_temple_overflow_open,
          uniq_iyjb
D:3:      led_xom_imps, uniq_robin, uniq_grinder, uniq_terence
D:4:      wad_lake_hut, general_overflow_altar, first_bread, uniq_pikel
D:5:      uniq_blork_the_orc
D:6:      minmay_temple_entry_mist, serial_shops, nicolae_shop_waterfront, shop,
          shop
D:8:      uniq_joseph
D:9:      lair_entry_dummy, hangedman_fish_farm
D:10:     old_forge, serial_shops, nicolae_shop_crystal, uniq_urug
D:11:     serial_shops, kennysheep_mini
Temple:   nicolae_temple_god_jail

Skill      XL: |  1  2  3  4  5  6  7  8  9 10 11 |
---------------+----------------------------------+-----
Unarmed Combat | 1 2 3 4 6 8 10 11 12 | 12.7
Fighting       | 2 3 4 5 6 7 8 |  8.0
Dodging        | 2 3 4 5 6 7 8 |  8.2
Throwing       | |  3.6
Stealth        | |  0.3

Action                   |  1- 3 |  4- 6 |  7- 9 | 10-12 || total
-------------------------+-------+-------+-------+-------++-------
Melee: Unarmed           |   112 |   242 |   303 |   322 ||   979
       Punch             |       |     2 |    11 |    18 ||    31
Evoke: Wand              |       |     2 |     3 |       ||     5
  Use: Scroll            |       |     4 |     5 |    18 ||    27
       Potion            |       |     1 |     1 |     1 ||     3
 Stab: Sleeping          |       |     1 |     4 |     2 ||     7
       Invisible         |       |       |     2 |       ||     2
  Eat: Chunk             |    15 |    16 |    37 |    25 ||    93
Armor: Robe              |    39 |    54 |    80 |    60 ||   233
       Animal skin       |       |    13 |     7 |       ||    20
Dodge: Dodged            |    59 |    93 |   114 |   102 ||   368
Block: Other             |       |    28 |    54 |    57 ||   139
       Reflection        |       |     2 |       |     4 ||     6
